 Dungeon Crawl Stone Soup version 0.19.4-12-gccf7e64 (webtiles) character file.

28 vatarom the Gusty (level 3, 0/21 HPs)
             Began as a Tengu Air Elementalist on Feb 27, 2017.
             Succumbed to an adder's poison
             ... on level 2 of the Dungeon.
             The game lasted 00:03:22 (1412 turns).

vatarom the Gusty (Tengu Air Elementalist)          Turns: 1412, Time: 00:03:23

Health: 0/21       AC:  2    Str:  7 (9)  XL:     3   Next: 14%
Magic:  2/7        EV: 12    Int: 13 (15) God:
Gold:   72         SH:  0    Dex: 13 (14) Spells: 3 memorised, 1 level left

rFire  . . .     SeeInvis .     d - +0 dagger
rCold  . . .     Gourm    .     a - +0 robe
rNeg   . . .     Faith    .     (no shield)
rPois  .         Spirit   .     (helmet restricted)
rElec  .         Reflect  .     (no cloak)
rCorr  .         Harm     .     (no gloves)
MR     .....                    (boots unavailable)
Stlth  ++........               (no amulet)
                                (no ring)
                                (no ring)

@: lethally poisoned (0 -> -1)
A: beak, horns 1, talons 3, screaming 1
a: no special abilities


You were on level 2 of the Dungeon.
You were not hungry.

You visited 1 branch of the dungeon, and saw 2 of its levels.

You collected 72 gold pieces.

Inventory:

Hand Weapons
 d - a +0 dagger (weapon)
Armour
 a - a +0 robe (worn)
Scrolls
 c - a scroll of random uselessness {unknown}
 e - a scroll of identify
Books
 b - a book of Air

   Spells                             Type                      Level
   a - Shock                          Conjuration/Air              1
   b - Swiftness                      Charms/Air                   2
   c - Repel Missiles                 Charms/Air                   2
   d - Static Discharge               Conjuration/Air              3
   e - Lightning Bolt                 Conjuration/Air              5
Comestibles
 f - a beef jerky


   Skills:
 - Level 2.0 Fighting
 - Level 2.1 Dodging
 - Level 2.0 Stealth
 - Level 2.0 Spellcasting
 - Level 1.3 Conjurations
 + Level 4.7 Air Magic


You had one spell level left.
You knew the following spells:

 Your Spells              Type           Power        Failure   Level  Hunger
a - Shock                 Conj/Air       #...         10%         1    ##.....
b - Repel Missiles        Chrm/Air       #.....       17%         2    ###....
c - Swiftness             Chrm/Air       #.......     17%         2    ###....


Dungeon Overview and Level Annotations

Branches:
Dungeon (2/15)

Altars:


Innate Abilities, Weirdness & Mutations

You have a beak for a mouth.
You have claws for feet.
You have a pair of small horns on your head.
You occasionally shout uncontrollably at your foes.


Message History

You miss the adder. Your kick misses the adder. You headbutt the adder.
You kill the adder!
You feel your dexterity returning.
You have reached level 3!
Your experience leads to an increase in your attributes!
Your base attributes are Str 8, Int 15, Dex 14.
Increase (S)trength, (I)ntelligence, or (D)exterity?
You feel stronger.
* * * LOW HITPOINT WARNING * * *
You feel sick.
Unknown command.
There is a lethal amount of poison in your body!
Unknown command.
You aren't carrying any potions.
* * * LOW HITPOINT WARNING * * *
You feel sick.
* * * LOW HITPOINT WARNING * * *
You feel sick.
Your magical contamination has completely faded away.
You die...

#......# #......#
#....>.# #......#
##### ...#......#
....#
.......<..#####
..?..
....###.......#
.....
#........####.#...
...?
##.>###..@........
. ... ##..###.....
.. .. ##... .). ..
. ##..# . .< ...#
.#..# .##... ..
...


There were no monsters in sight!

Vanquished Creatures
  An adder (D:2)
  A leopard gecko (D:1)
  4 bats
  A giant cockroach (D:1)
  3 goblins (D:1)
  A hobgoblin (D:1)
  4 kobolds (D:1)
  A frilled lizard (D:1)
  2 rats (D:1)
18 creatures vanquished.

Notes
Turn   | Place    | Note
-------+----------+-------------------------------------------
     0 | D:1      | vatarom the Tengu Air Elementalist began the quest for the Orb.
     0 | D:1      | Reached XP level 1. HP: 10/10 MP: 4/4
   220 | D:1      | Reached skill level 1 in Fighting
   286 | D:1      | Gained mutation: You have a pair of small horns on your head. [potion of mutation]
   286 | D:1      | Gained mutation: You occasionally shout uncontrollably at your foes. [potion of mutation]
   299 | D:1      | Reached XP level 2. HP: 16/16 MP: 0/6
   975 | D:1      | Learned a level 2 spell: Repel Missiles
   978 | D:1      | Learned a level 2 spell: Swiftness
  1400 | D:2      | Reached XP level 3. HP: 3/21 MP: 1/7
  1408 | D:2      | HP: 1/21 [poisoned by an adder]
  1412 | D:2      | Succumbed to an adder's poison

Skill      XL: |  1  2 |
---------------+-------+-----
Fighting       | 1 2 |  2.0
Dodging        | |  2.1
Stealth        | |  2.0
Spellcasting   | |  2.0
Conjurations   | |  1.3
Air Magic      | |  4.7

Action                   || total
-------------------------++-------
Melee: Dagger            ||    18
       Peck              ||     4
       Headbutt          ||     3
       Kick              ||     2
 Cast: Shock             ||    38
  Use: Potion            ||     5
       Scroll            ||     3
 Stab: Sleeping          ||     1
  Eat: Bread ration      ||     1
Armor: Robe              ||     5
Dodge: Dodged            ||    25
